 Dungeon Crawl Stone Soup version 0.28.0-45-g0d030f2227 (webtiles) character file.

Game seed: 3384498606256469846

2 GigaChad the Skirmisher (level 1, -2/19 HPs)
             Began as a Palentonga Fighter on Apr 19, 2022.
             Slain by a kobold
             ... wielding a +0 whip
              (5 damage)
             ... on level 1 of the Dungeon.
             The game lasted 00:01:10 (184 turns).

GigaChad the Skirmisher (Palentonga Fighter)         Turns: 184, Time: 00:01:11

Health: -2/19      AC:  6    Str: 19    XL:     1   Next: 25%
Magic:  1/1        EV:  7    Int:  8    God:
Gold:   9          SH:  4    Dex:  9    Spells: 0/0 levels left

rFire   . . .      SeeInvis +   a - +0 long sword
rCold   . . .      Faith    .   c - +0 buckler
rNeg    . . .      Spirit   .   b - +0 scale mail
rPois   .          Reflect  .   (no helmet)
rElec   .          Harm     .   (no cloak)
rCorr   .          Rampage  .   (no gloves)
Will    .....                   (no barding)
Stlth   ..........              (no amulet)
HPRegen 0.06/turn               (no ring)
MPRegen 0.07/turn               (no ring)

@: no status effects
A: large, rugged brown scales 3, see invisible, deformed body, roll 1, armoured
tail
a: Rolling Charge


You were on level 1 of the Dungeon.
You visited 1 branch of the dungeon, and saw 1 of its levels.

You collected 9 gold pieces.

Inventory:

Hand Weapons
 a - a +0 long sword (weapon)
Armour
 b - a +0 scale mail (worn)
 c - a +0 buckler (worn)
Scrolls
 e - a scroll of vulnerability {unknown}
Potions
 d - a potion of might
 f - a potion of curing {unknown}
 g - 2 potions of mutation {unknown}


   Skills:
 + Level 3.0 Fighting
 + Level 2.0 Long Blades
 + Level 2.5 Armour
 + Level 2.4 Shields


You couldn't memorise any spells.
You didn't know any spells.
Your spell library was empty.

Dungeon Overview and Level Annotations

Branches:
Dungeon (1/15)

Altars:


Innate Abilities, Weirdness & Mutations

You are completely covered in rugged brown scales. (AC +3, +7% HP)
You have supernaturally acute eyesight. (SInv)
Armour fits poorly on your strangely shaped body.
You can roll at nearby foes to attack.
You have a long armoured tail.


Message History

Found a stone staircase leading down.
g - 2 dark potions
Things that are here:
a +0 club; a stone A kobold comes into view.
It is wielding a +0 whip.
Found a stone staircase leading down.
The kobold shouts!
The kobold throws a stone.
The stone hits you. The kobold hits you but does no damage.
A dart slug comes into view.
A kobold comes into view. It is wielding a +0 whip.
The kobold hits you with a +0 whip.
You miss the kobold. You block the kobold's attack.
You barely miss the kobold. The kobold hits you with a +0 whip. x2
You barely miss the kobold. The kobold closely misses you.
You miss the kobold. The kobold hits you with a +0 whip.
You hit the kobold.
The kobold is moderately wounded.
The kobold barely misses you. The kobold hits you but does no damage.
You completely miss the kobold.
The kobold is moderately wounded.
The kobold hits you with a +0 whip.
You hit the kobold but do no damage.
The kobold is moderately wounded.
The kobold barely misses you.
You miss the kobold.
You tail-slap the kobold, but do no damage.
The kobold is moderately wounded.
The kobold hits you but does no damage. The kobold hits you with a +0 whip.
You miss the kobold.
The kobold is moderately wounded.
You block the kobold's attack.
You closely miss the kobold.
The kobold is moderately wounded.
The kobold hits you with a +0 whip.
* * * LOW HITPOINT WARNING * * *
You miss the kobold.
Your tail-slap misses the kobold.
The kobold is moderately wounded.
You block the kobold's attack. The kobold hits you with a +0 whip.
You die...

# #.# #K #.# .##.# ..>#
# # ... #.#. ### #w#
.##.# ##...##K### # #.
#.# #......@..###.# .
#.# #.............### #
#.# #.....#..........
##
#.######...####.#######
.###.........####...##
.....######## #......#
.###.# #.#....# ## #.#
#.#....# # #.# #.#....#


You could see a dart slug and a kobold.

Vanquished Creatures
  A kobold (D:1)
  A frilled lizard (D:1)
2 creatures vanquished.

Notes
Turn   | Place    | Note
-------+----------+-------------------------------------------
     0 | D:1      | GigaChad the Palentonga Fighter began the quest for the
                  | Orb.
     0 | D:1      | Reached XP level 1. HP: 19/19 MP: 1/1
   184 | D:1      | Slain by a kobold

Illustrated notes

Levels and vault maps discovered:
D:1:      grunt_arrival_lava_bath, layout_loops_ring,
          shapermc_ecumenical_altar_venn

Action                   || total
-------------------------++-------
Melee: Long sword        ||    15
       Tailslap          ||     1
Armor: Scale mail        ||     5
Dodge: Dodged            ||     3
Block: Buckler           ||     3
